 Dungeon Crawl Stone Soup version 0.28.0-53-g5a82cb258f (webtiles) character file.

Game seed: 3137092288630845245

140 LustLizard the Chiller (level 5, -6/37 HPs)
             Began as a Human Ice Elementalist on Aug 13, 2022.
             Was an Initiate of Vehumet.
             Killed by divine providence
             ... invoked by an orc priest
              (13 damage)
             ... on level 4 of the Dungeon.
             The game lasted 00:08:09 (4469 turns).

LustLizard the Chiller (Human Ice Elementalist)     Turns: 4469, Time: 00:08:10

Health: -6/37      AC:  2    Str: 10    XL:     5   Next: 47%
Magic:  4/8        EV: 12    Int: 16    God:    Vehumet [......]
Gold:   112        SH:  0    Dex: 13    Spells: 2/9 levels left

rFire   . . .      SeeInvis .   g - +0 dagger
rCold   . . .      Faith    .   (no shield)
rNeg    . . .      Spirit   .   a - +0 robe
rPois   .          Reflect  .   (no helmet)
rElec   .          Harm     .   (no cloak)
rCorr   .          Rampage  .   (no gloves)
Will    .....                   (no boots)
Stlth   ++........              (no amulet)
HPRegen 0.12/turn               (no ring)
MPRegen 0.11/turn               (no ring)

@: no status effects
A: no striking features
a: Renounce Religion


You were on level 4 of the Dungeon.
You worshipped Vehumet.
Vehumet was noncommittal.
You visited 2 branches of the dungeon, and saw 5 of its levels.

You collected 112 gold pieces.

Inventory:

Hand Weapons
 c - a +0 club
 g - a +0 dagger (weapon)
Missiles
 b - a throwing net
 i - 75 stones
 m - 2 poisoned darts
Armour
 a - a +0 robe (worn)
Scrolls
 d - 2 scrolls of fog {unknown}
 e - a scroll of brand weapon {unknown}
 f - 4 scrolls of identify {unknown}
 k - a scroll of teleportation {unknown}
 l - a scroll of magic mapping {unknown}
 o - a scroll of blinking {unknown}
 p - 3 scrolls of torment {unknown}
 q - a scroll of fear {unknown}
 r - a scroll of vulnerability {unknown}
Potions
 h - a potion of haste
 j - a potion of flight {unknown}
 n - a potion of ambrosia {unknown}


   Skills:
 + Level 1.4 Fighting
 - Level 2.0 Dodging
 * Level 3.4 Stealth
 + Level 2.6 Spellcasting
 * Level 0.8 Conjurations
 - Level 4.6 Ice Magic
 * Level 0.8 Air Magic
 * Level 0.7 Poison Magic


You had 2 spell levels left.
You knew the following spells:

 Your Spells              Type           Power      Damage    Failure   Level
a - Freeze                Ice            64%        1d8       3%          1
b - Frozen Ramparts       Ice            32%        1d5       9%          3
c - Mephitic Cloud        Conj/Pois/Air  4%         N/A       38%         3

Your spell library contained the following spells:

 Spells                   Type           Power      Damage    Failure   Level
 Ensorcelled Hibernation  Hex/Ice        18%        N/A       12%         2
 Ozocubu's Armour         Ice            16%        N/A       9%          3
 Spider Form              Tmut/Pois      3%         N/A       45%         3
 Ignite Poison            Fire/Tmut/Pois 2%         N/A       47%         3
 Hailstorm                Conj/Ice       10%        3d5       54%         4
 Anguish                  Hex/Necr       1%         N/A       89%         4
 Freezing Cloud           Conj/Ice/Air   4%         6-21      93%         5


Dungeon Overview and Level Annotations

Branches:
Dungeon (4/15)             Temple (1/1) D:4

Altars:
Ashenzari
Cheibriados
Dithmenos
Elyvilon
Fedhas
Gozag
Kikubaaqudgha
Nemelex Xobeh
Okawaru
Qazlal
Ru
Sif Muna
Uskayaw
Vehumet
Wu Jian
Xom
Yredelemnul
Zin

Shops:
D:2 [

Annotations:
D:3 exclusion: ice beast


Message History

The orc priest is moderately wounded.
The orc priest barely misses you.
The orc priest calls upon Beogh to heal the orc priest.
The orc priest's wounds heal themselves!
Casting: Freeze (safe; 3% risk of failure)
Confirm with . or Enter, or press ? or * to list all spells.
Aiming: Freeze (safe; 3% risk of failure)
Press: ? - help, Shift-Dir - straight line, f/p - orc priest
Aim: an orc priest, wielding a +0 dagger and wearing a +0 leather armour You freeze the orc priest.
The orc priest is moderately wounded.
The orc priest barely misses you.
The orc priest looks satisfied for a moment.
Casting: Freeze (safe; 3% risk of failure)
Confirm with . or Enter, or press ? or * to list all spells.
Aiming: Freeze (safe; 3% risk of failure)
Press: ? - help, Shift-Dir - straight line, f/p - orc priest
Aim: an orc priest, wielding a +0 dagger and wearing a +0 leather armour (moderately wounded)
You freeze the orc priest.
The orc priest is severely wounded.
The orc priest hits you with a +0 dagger.
The orc drinks a potion.
The orc goes berserk!
Casting: Freeze (safe; 3% risk of failure)
Confirm with . or Enter, or press ? or * to list all spells.
Aiming: Freeze (safe; 3% risk of failure)
Press: ? - help, Shift-Dir - straight line, f/p - orc priest
Aim: an orc priest, wielding a +0 dagger and wearing a +0 leather armour (severely wounded)
You freeze the orc priest!
You kill the orc priest!
Vehumet accepts your kill. The orc closely misses you.
The orc hits you with a +0 mace!
Unknown command.
The orc priest calls down the wrath of Beogh upon you.
Beogh smites you!
The orc priest looks encouraged for a moment.
The orc priest closely misses you. The orc hits you with a +0 mace!
* * * LOW HITPOINT WARNING * * *
The orc priest mumbles some strange prayers to Beogh against you.
Beogh smites you!
You die...

......... ........# ........#
.......)## .........# ....♣...o##
.......oo.# ♣.........#
............@.## .
.......♣..#...### ###
..................### ##.##
........♣...♣......##..###...##
...................#...##.....###
........♣...♣......#...####.....#
.......................###.......
........♣†........####..##......#
.............).....# #..##.##..##


You could see an orc priest (fast) and 2 orcs.

Vanquished Creatures
  An orc priest (D:4)
  An iguana (D:4)
  2 adders
  2 worms
  2 orcs (D:4)
  5 ball pythons
  4 endoplasms
  2 giant cockroaches
  5 goblins
  7 hobgoblins
  9 kobolds
  3 quokkas (D:1)
  5 bats
  3 frilled lizards
  9 rats
60 creatures vanquished.

Notes
Turn   | Place    | Note
-------+----------+-------------------------------------------
     0 | D:1      | LustLizard the Human Ice Elementalist began the quest for
                  | the Orb.
     0 | D:1      | Reached XP level 1. HP: 13/13 MP: 3/3
   361 | D:1      | Reached XP level 2. HP: 19/19 MP: 3/5
   927 | D:1      | Reached XP level 3. HP: 23/25 MP: 3/6
  2018 | D:2      | Found Gecosaxt's Antique Armour Emporium.
  2098 | D:2      | Found an ornate altar of the Wu Jian Council.
  2322 | D:3      | Learned a level 3 spell: Frozen Ramparts
  2369 | D:3      | Reached skill level 1 in Fighting
  2663 | D:3      | Reached XP level 4. HP: 32/32 MP: 5/7
  2827 | D:3      | Noticed an ice beast
  3608 | D:4      | Found a staircase to the Ecumenical Temple.
  3646 | Temple   | Entered the Ecumenical Temple
  3893 | Temple   | Became a worshipper of Vehumet
  3978 | D:4      | Found a broken altar of Ashenzari.
  4190 | D:4      | Learned a level 3 spell: Mephitic Cloud
  4416 | D:4      | Reached XP level 5. HP: 32/37 MP: 4/8
  4469 | D:4      | Killed from afar by an orc priest

Illustrated notes

Levels and vault maps discovered:
D:1:      minmay_arrival_radiant_lines, layout_basic, serial_co_window_serial,
          co_window_corner_a, co_window_corner_a, co_window_paths_b,
          co_window_corner_a, co_window_of_opportunity_a, co_window_paths_a,
          co_window_corner_a, co_window_paths_b, co_window_corner_a,
          co_window_of_opportunity_c, co_window_of_opportunity_b,
          co_window_unsneaky_path_e, co_window_paths_c,
          co_window_of_opportunity_c, co_window_4corner_a, glass_columns_b,
          glass_columns_c, glass_columns_a
D:2:      layout_rooms, basic_altar, serial_shops,
          nicolae_shop_temple_entry_statues_fountains
D:3:      layout_basic
D:4:      layout_cave_pools, temple_pool_b, serial_park, serial_park_avenue1,
          serial_park_square2, serial_park_tiny_pond, serial_park_tiny_pond,
          gammafunk_ghost_grave
Temple:   dpeg_five_rooms_temple

Skill      XL: |  1  2  3  4 |
---------------+-------------+-----
Fighting       | 1 |  1.4
Stealth        | 3 |  3.4
Dodging        | |  2.0
Spellcasting   | |  2.6
Conjurations   | |  0.8
Ice Magic      | |  4.6
Air Magic      | |  0.8
Poison Magic   | |  0.7

Action                   |  1- 3 |  4- 6 || total
-------------------------+-------+-------++-------
Melee: Club              |    21 |       ||    21
       Dagger            |     9 |    12 ||    21
       Punch             |       |     1 ||     1
 Cast: Freeze            |    48 |    36 ||    84
 Stab: Sleeping          |     6 |     1 ||     7
Armor: Robe              |    15 |     1 ||    16
Dodge: Dodged            |    34 |    21 ||    55
